← All builds
Geo / Armada / Economy first / OBSERVED BUILD

Standard geo

Standard Geo economy-first play: geothermal by 3:26, T2 constructor by 4:55, advanced geothermal and vehicle plant around 7:07, transitioning into Starlight and T1 vehicles for front while supplying allies with cons and Lazarus.

Usually blows up the commander for T2 (66%)

#eco #t2 · 660 distinct matches · 107 players · 58% of Armada Geo games · team won 55% of 745 · Recently observed

HOW TO PLAY IT

Key timing: Geothermal Powerplant by 3:26

  1. Open mex and wind into Bot Lab.
  2. Rush geothermal for the early energy spike.
  3. Add Advanced Metal Extractor, then Advanced Geothermal by 7:07.
  4. Bring up Vehicle Plant alongside T2 con for "Starlight" and vehicles.
  5. Funnel "Starlight" and T1 vehicles to front, pay allies with cons and "Lazarus".

Phase by phase

TYPICAL OF ITS 660 GAMES
  1. 1
  2. 2
  3. 3
  4. 4
PLAY THE OPENING

Follow the example game's first 6:00 step by step: what to build now, what comes next, and where it goes. At 1× it keeps pace with your own game.

  1. 1

    Up to the Bot Lab

    Economy
    • Metal Extractor2Mex
    • Wind Turbine4Wind
    Order
    1. Bot LabBot Lab after 2 mex, 4 winddone ~1:12, middle half 0:58–1:22

    By 0:55 in all: 2 mex · 4 wind

    The example game in this phase · 3 steps
    1. Mex ×3
    2. Wind ×4
    3. Bot LabBot Labdone 1:21 · typical 1:12
  2. 2

    Bot Lab to 5:00

    Economy
    • Metal Extractor2Mex
    • Wind Turbine3Wind
    • Energy Converter8Converter
    • Energy Storage1Energy storage
    Order
    1. Geothermal PowerplantGeo after 4 mex, 5 wind, 1 energy storage
    Builders
    • Construction Turret5 Con turret
    • Lazarus4 Lazarus
    • Construction Bot2 Con bot
    • Construction Bot1 Con bot for allies
    • Lazarus1 Lazarus for allies

    By 5:00 in all: 4 mex · 6 wind · 1 geo · 8 converter · 1 energy storage · 5 con turret

    The example game in this phase · 20 steps
    1. LazarusLazarus
    2. TickTick ×3
    3. LazarusLazarus ×2
    4. Construction BotCon bot
    5. LazarusLazarus
    6. Construction BotCon bot
    7. LazarusLazarus
    8. Mex
    9. LazarusLazarus
    10. Geothermal PowerplantGeodone 3:21 · typical 3:26
    11. LazarusLazarus
    12. Con turret ×3
    13. Energy storage
    14. Converter
    15. Con turret
    16. Converter ×4
    17. Con turret
    18. Converter
    19. Radar TowerRadar Tower
    20. Converter ×5
  3. 3

    5:00 to Vehicle Plant

    Order
    1. Advanced Geothermal PowerplantAdvanced Geothermal Powerplant after 8 wind, 10 converter, 6 con turretin 61% of games
    2. Vehicle PlantVehicle Plant after 9 wind, 10 converter, 6 con turretdone ~7:07, middle half 6:43–7:41
    Builders
    • Construction Turret1 Con turret

    Some games also: converter (49%) · wind (47%)

    By 7:00 in all: 4 mex · 10 wind · 1 geo · 1 Advanced Geothermal Powerplant · 11 converter · 1 energy storage

    The example game in this phase · 8 steps
    1. Converter
    2. Advanced Metal ExtractorT2 mex ×4done 5:42 · typical 5:34
    3. Advanced Geothermal PowerplantAdvanced Geothermal Powerplantdone 7:10 · typical 7:06
    4. Con turret
    5. SentrySentry
    6. Con turret
    7. SentrySentry ×3
    8. Vehicle PlantVehicle Plantdone 7:44 · typical 7:07
  4. 4

    Vehicle Plant to 10:00

    Economy
    • Wind Turbine5Wind
    • Energy Converter3Converter
    Order
    1. Advanced Vehicle PlantAdvanced Vehicle Plant after 11 wind, 12 converter, 7 con turretin 80% of games
    Builders
    • Construction Turret1 Con turret
    • Construction Vehicle1 Con vehicle
    Army
    • Starlight2 Starlight
    • Umbra1 Jammer
    • Prophet1 Radar vehicle

    Some games also: T2 con vehicle for allies (48%) · Jaguar (31%)

    By 10:00 in all: 4 mex · 19 wind · 1 geo · 1 Advanced Geothermal Powerplant · 16 converter · 1 energy storage

    The example game in this phase · 203 steps
    1. SentrySentry
    2. BlitzBlitz ×2
    3. SentrySentry
    4. BlitzBlitz ×3
    5. Construction VehicleCon vehicle
    6. BeamerBeamer
    7. Advanced Vehicle PlantAdvanced Vehicle Plantdone 8:30 · typical 8:09
    8. BeamerBeamer
    9. UmbraJammer
    10. ProphetRadar vehicle
    11. BeamerBeamer
    12. Advanced Construction VehicleT2 con vehiclefor Front
    13. Wind
    14. StarlightStarlightdone 9:18 · typical 9:06
    15. Dragon's TeethDragon's Teeth ×2
    16. Wind
    17. Dragon's TeethDragon's Teeth ×5
    18. StarlightStarlight
    19. Dragon's TeethDragon's Teeth ×12
    20. Wind
    21. Dragon's TeethDragon's Teeth ×19
    22. Wind
    23. Dragon's TeethDragon's Teeth ×13
    24. StarlightStarlight
    25. Dragon's TeethDragon's Teeth ×8
    26. Wind
    27. Dragon's TeethDragon's Teeth ×20
    28. Wind
    29. Dragon's TeethDragon's Teeth ×3
    30. StarlightStarlight
    31. Wind
    32. Dragon's TeethDragon's Teeth
    33. Wind
    34. Dragon's TeethDragon's Teeth ×2
    35. Wind
    36. JaguarJaguar
    37. Dragon's TeethDragon's Teeth
    38. JaguarJaguar
    39. Dragon's TeethDragon's Teeth
    40. Wind
    41. Dragon's TeethDragon's Teeth
    42. JaguarJaguar
    43. Dragon's TeethDragon's Teeth
    44. JaguarJaguar
    45. Wind
    46. JaguarJaguar ×2
    47. Wind
    48. JaguarJaguar ×2
    49. Wind
    50. ShredderShredderdone 11:32
    51. Bot LabBot Labdone 11:37
    52. Wind
    53. GarpikeGarpike
    54. ShredderShredder
    55. IncisorIncisor
    56. TickTick ×2
    57. IncisorIncisor
    58. TickTick
    59. IncisorIncisor
    60. TickTick
    61. ShredderShredder
    62. Wind
    63. TickTick
    64. Advanced Metal ExtractorT2 mex
    65. IncisorIncisor
    66. TickTick
    67. IncisorIncisor
    68. TickTick
    69. ShredderShredder
    70. TickTick ×2
    71. IncisorIncisor ×2
    72. TickTick ×2
    73. ShredderShredder
    74. Wind
    75. IncisorIncisor
    76. TickTick ×2
    77. IncisorIncisor
    78. TickTick
    79. IncisorIncisor
    80. ShredderShredder
    81. TickTick ×3
    82. IncisorIncisor
    83. TickTick
    84. Wind
    85. TickTick
    86. IncisorIncisor
    87. TickTick
    88. JaguarJaguar
    89. TickTick
    90. IncisorIncisor
    91. TickTick ×2
    92. JaguarJaguar
    93. IncisorIncisor
    94. TickTick
    95. IncisorIncisor
    96. TickTick
    97. Wind
    98. TickTick
    99. JaguarJaguar
    100. TickTick
    101. IncisorIncisor
    102. TickTick
    103. JaguarJaguar
    104. IncisorIncisor
    105. TickTick ×2
    106. IncisorIncisor
    107. TickTick
    108. JaguarJaguar
    109. Wind
    110. TickTick
    111. IncisorIncisor
    112. TickTick
    113. JaguarJaguar
    114. TickTick
    115. IncisorIncisor
    116. TickTick ×2
    117. IncisorIncisor
    118. JaguarJaguar
    119. TickTick
    120. Wind
    121. TickTick
    122. IncisorIncisor
    123. TickTick ×2
    124. IncisorIncisor
    125. TickTick
    126. JaguarJaguar
    127. TickTick ×2
    128. IncisorIncisor
    129. TickTick ×2
    130. JaguarJaguar
    131. IncisorIncisor
    132. Wind
    133. LazarusLazarus
    134. IncisorIncisor
    135. JaguarJaguar
    136. TickTick
    137. IncisorIncisor
    138. TickTick
    139. IncisorIncisor
    140. Wind
    141. TickTick
    142. JaguarJaguar
    143. TickTick
    144. IncisorIncisor
    145. TickTick ×2
    146. JaguarJaguar
    147. IncisorIncisor
    148. TickTick ×2
    149. IncisorIncisor
    150. Wind
    151. TickTick ×2
    152. JaguarJaguar
    153. TickTick
    154. IncisorIncisor
    155. LazarusLazarus
    156. IncisorIncisor
    157. Advanced Construction VehicleT2 con vehicle
    158. TickTick
    159. IncisorIncisor
    160. Wind
    161. TickTick ×2
    162. IncisorIncisor
    163. TickTick ×2
    164. IncisorIncisor
    165. TickTick
    166. JaguarJaguar
    167. TickTick
    168. IncisorIncisor
    169. TickTick
    170. Wind
    171. IncisorIncisor
    172. TickTick
    173. JaguarJaguar
    174. TickTick
    175. IncisorIncisor
    176. TickTick
    177. LazarusLazarus
    178. IncisorIncisor
    179. JaguarJaguar
    180. Wind
    181. TickTick
    182. IncisorIncisor
    183. TickTick ×3
    184. JaguarJaguar
    185. IncisorIncisor
    186. TickTick ×2
    187. IncisorIncisor
    188. TickTick
    189. Wind
    190. JaguarJaguar
    191. TickTick
    192. IncisorIncisor
    193. TickTick ×3
    194. IncisorIncisor
    195. LazarusLazarus
    196. JaguarJaguar
    197. IncisorIncisor
    198. TickTick
    199. Wind
    200. TickTick
    201. JaguarJaguar
    202. IncisorIncisor
    203. TickTick

Counts are medians over the build's games: half of them build more, half fewer. The example game is Ariah's (41 OS, 24/09/2026); pick another.

Team trades

IN AT LEAST 30% OF ITS GAMES

You hand over

  • Lazarus1 Lazarus to Beach seafirst at 2:16 · in 78% of games
  • Construction Bot1 Con bot to Beach seafirst at 2:31 · in 88% of games
  • Advanced Construction Vehicle1 T2 con vehicle to Suicide front or Frontfirst at 8:52 · in 61% of games

You get

  • Hercules1 Light transport from Airfirst at 4:19 · in 35% of games
  • Advanced Construction Bot1 T2 con bot from Techfirst at 4:48 · in 95% of games

How it plays out

Typical game of this build, running totals by minute

Metal produced

020k40k
0:005:0010:0015:00

metal

Enemy metal destroyed

05k10k15k
0:005:0010:0015:00

metal

Own metal lost

02.5k5k7.5k
0:005:0010:0015:00

metal

745 games.

Show as table
ByMetal produced: This buildEnemy metal destroyed: This buildOwn metal lost: This build
1:0033300
2:0082500
3:00152300
4:00270000
5:00372600
6:00572900
7:00813000
8:0011459021
9:001448951130
10:0017405565280
11:00203772074790
12:002330539401940
13:002606259613304
14:002898883214785
15:0031497101726196
WHAT THE NUMBERS SAY

Standard Geo build dominates the resource numbers, with zero own losses through 10:00 and a huge metal lead by 15:00.

  • + Metal produced hits 31426 by 15:00, highest of all six builds
  • + Own metal lost is 0 by 5:00 and only 334 by 10:00
  • − First Starlight only arrives in 57% of games by 9:19
  • − Advanced geothermal lands in just 69% of games by 7:16
THE EXAMPLE YOU ARE READING

Ariah

41.3 OS · 24/09/2026

Open source match ↗

103 received units · includes a constructor
1690 metal received · 74649 energy received

Allied construction assistance is unknown. Timings are observations, not a promise of solo reproducibility.

Typical milestones

Bot Lab1:12Middle 50%: 0:58–1:22 · n=744
Geothermal Powerplant3:26Middle 50%: 3:10–3:42 · n=743
Advanced Metal Extractor5:34Middle 50%: 5:19–5:56 · n=742
Advanced Geothermal Powerplant7:06Middle 50%: 6:49–7:34 · n=552
Vehicle Plant7:07Middle 50%: 6:43–7:41 · n=705
Advanced Vehicle Plant8:09Middle 50%: 7:41–8:54 · n=669
Starlight9:06Middle 50%: 8:32–9:53 · n=583

Played most by

zeus_on_god76games of this build0neTw074games of this buildViltrum53games of this buildDamsko35games of this buildXad35games of this build